SNL (28 & UNDER)
WICHITA WRANGLERS @ MEMPHIS BLUES
04/18/2023
 
TOP OF THE 1ST
Wichita Wranglers batting - Pitching for Memphis Blues : RHP Luis Fernández
Pitching: RHP Luis Fernández
Batting: RHB Cho-yun Qiao 0-0: Swinging Strike
0-1: Foul Ball, location: 2F
0-2: Ball
1-2: Ball
2-2: Strikes out swinging
Batting: LHB Jesús Tobías 0-0: Fly out, F9 (Line Drive, 9M)
Batting: LHB Tom Robinson 0-0: Called Strike
0-1: Foul Ball, location: 2F
0-2: Ball
1-2: Ball
2-2: Foul Ball, location: 2F
2-2: Ball
3-2: Foul Ball, location: 2F
3-2: Foul Ball, location: 2F
3-2: Foul Ball, location: 2F
3-2: Foul Ball, location: 2F
3-2: Foul Ball, location: 2F
3-2: Foul Ball, location: 2F
3-2: SINGLE (Groundball, 6MD)
Batting: RHB Bob Hall 0-0: Ball
1-0: Swinging Strike
1-1: Called Strike
1-2: Strikes out swinging
Top of the 1st over - 0 run(s), 1 hit(s), 0 error(s), 1 left on base; Wichita 0 - Memphis 0
BOTTOM OF THE 1ST
Memphis Blues batting - Pitching for Wichita Wranglers : LHP Jesús Martínez
Pitching: LHP Jesús Martínez
Batting: RHB Jorge Fuentes 0-0: Ball
1-0: Called Strike
1-1: Foul Ball, location: 2F
1-2: Fly out, F4 (Popup, 4MD)
Batting: RHB Dave Wookey 0-0: Ball
1-0: Called Strike
1-1: Reached on error, E6 (Groundball, 6)
Batting: RHB Michael Elliott 0-0: Ball
1-0: Ball
2-0: Called Strike
2-1: Ball
3-1: Foul Ball, location: 2F
3-2: Strikes out swinging
Batting: RHB Dave O'Neill 0-0: Ball
1-0: Swinging Strike
1-1: Ball
2-1: Ball
3-1: Fielders Choice at 2nd, 6-4 (Groundball, 6)
Bottom of the 1st over - 0 run(s), 0 hit(s), 1 error(s), 0 left on base; Wichita 0 - Memphis 0
TOP OF THE 2ND
Wichita Wranglers batting - Pitching for Memphis Blues : RHP Luis Fernández
Batting: RHB George Clark 0-0: Ball
1-0: Ball
2-0: Called Strike
2-1: Ball
3-1: Base on Balls
Batting: RHB Luis Sánchez 0-0: Called Strike
0-1: Ball
Wild Pitch!
George Clark to second
1-1: Ball
2-1: Ball
3-1: Foul Ball, location: 2F
3-2: Fly out, F9 (Flyball, 9S)
Batting: RHB Jesús Ibarra 0-0: Swinging Strike
0-1: Ball
1-1: Fly out, F7 (Flyball, 8LXD)
Runner from 2nd tags up, SAFE at 3rd, no throw
Batting: LHB Mario Cornelo 0-0: Ground out U3 (Groundball, 3L)
Top of the 2nd over - 0 run(s), 0 hit(s), 0 error(s), 1 left on base; Wichita 0 - Memphis 0
BOTTOM OF THE 2ND
Memphis Blues batting - Pitching for Wichita Wranglers : LHP Jesús Martínez
Batting: RHB Sadao Kato 0-0: Ball
1-0: Ball
2-0: Ball
3-0: Called Strike
3-1: Fly out, F7 (Line Drive, 78M)
Batting: RHB Raúl Perales 0-0: Swinging Strike
0-1: Ground out 4-3 (Groundball, 34)
Batting: RHB Chase Mueller 0-0: Ground out 5-3 (Groundball, 5L)
Bottom of the 2nd over - 0 run(s), 0 hit(s), 0 error(s), 0 left on base; Wichita 0 - Memphis 0
TOP OF THE 3RD
Wichita Wranglers batting - Pitching for Memphis Blues : RHP Luis Fernández
Batting: RHB Jim Beck 0-0: Called Strike
0-1: Ball
1-1: Called Strike
1-2: Strikes out swinging
Batting: RHB Cho-yun Qiao 0-0: Ground out 6-3 (Groundball, 6M)
Batting: LHB Jesús Tobías 0-0: Called Strike
0-1: Ball
1-1: SINGLE (Line Drive, 89S)
Batting: LHB Tom Robinson 0-0: Fly out, F7 (Flyball, 78D)
Top of the 3rd over - 0 run(s), 1 hit(s), 0 error(s), 1 left on base; Wichita 0 - Memphis 0
BOTTOM OF THE 3RD
Memphis Blues batting - Pitching for Wichita Wranglers : LHP Jesús Martínez
Batting: RHB Glenn Johnson 0-0: Called Strike
0-1: Ball
1-1: Foul Ball, location: 2F
1-2: Foul Ball, location: 2F
1-2: Strikes out swinging
Batting: RHB Dale O'Feennaghty 0-0: Called Strike
0-1: Reached on Error, E7 (Flyball, 7D)
Batting: RHB Jorge Fuentes 0-0: Called Strike
0-1: Ball
1-1: SINGLE (Line Drive, 34D)
Dale O'Feennaghty to third
Batting: RHB Dave Wookey 0-0: Foul Ball, location: 2F
0-1: Ball
1-1: Ball
2-1: Foul Ball, location: 2F
2-2: Ball
3-2: Ground out 6-3 (Groundball, 6)
Dale O'Feennaghty scores
Jorge Fuentes to second
Batting: RHB Michael Elliott 0-0: Ball
1-0: Ball
2-0: DOUBLE (Line Drive, 7LS)
Jorge Fuentes scores
Batting: RHB Dave O'Neill 0-0: Called Strike
0-1: Swinging Strike
0-2: Ball
1-2: Ball
2-2: Ball
3-2: Fly out, F4 (Line Drive, 4)
Bottom of the 3rd over - 2 run(s), 2 hit(s), 1 error(s), 1 left on base; Wichita 0 - Memphis 2
TOP OF THE 4TH
Wichita Wranglers batting - Pitching for Memphis Blues : RHP Luis Fernández
Batting: RHB Bob Hall 0-0: Called Strike
0-1: Foul Ball, location: 2F
0-2: Strikes out looking
Batting: RHB George Clark 0-0: Ball
1-0: Ball
2-0: Called Strike
2-1: Ball
3-1: Base on Balls
Batting: RHB Luis Sánchez 0-0: Swinging Strike
0-1: Called Strike
0-2: Foul Ball, location: 2F
0-2: Ball
1-2: Ball
2-2: Foul Ball, location: 2F
2-2: Strikes out swinging
Batting: RHB Jesús Ibarra 0-0: Ball
1-0: Ground out 5-3 (Groundball, 56)
Top of the 4th over - 0 run(s), 0 hit(s), 0 error(s), 1 left on base; Wichita 0 - Memphis 2
BOTTOM OF THE 4TH
Memphis Blues batting - Pitching for Wichita Wranglers : LHP Jesús Martínez
Batting: RHB Sadao Kato 0-0: Fly out, F8 (Flyball, 8LM)
Batting: RHB Raúl Perales 0-0: Ball
1-0: Called Strike
1-1: Fly out, F7 (Flyball, 7M)
Batting: RHB Chase Mueller 0-0: Called Strike
0-1: Foul Ball, location: 2F
0-2: Ball
1-2: Ball
2-2: Strikes out swinging
Bottom of the 4th over - 0 run(s), 0 hit(s), 0 error(s), 0 left on base; Wichita 0 - Memphis 2
TOP OF THE 5TH
Wichita Wranglers batting - Pitching for Memphis Blues : RHP Luis Fernández
Batting: LHB Mario Cornelo 0-0: Called Strike
0-1: Foul Ball, location: 2F
0-2: Strikes out swinging
Batting: RHB Jim Beck 0-0: Called Strike
0-1: SINGLE (Line Drive, 7S)
Batting: RHB Cho-yun Qiao 0-0: Ball
1-0: Fly out, F8 (Line Drive, 8LS)
Batting: LHB Jesús Tobías 0-0: Foul Ball, location: 2F
0-1: Foul Ball, location: 2F
0-2: Ball
1-2: Ball
2-2: Ball
3-2: Foul Ball, location: 2F
3-2: Foul Ball, location: 2F
3-2: Ground out U3 (Groundball, 3S)
Top of the 5th over - 0 run(s), 1 hit(s), 0 error(s), 1 left on base; Wichita 0 - Memphis 2
BOTTOM OF THE 5TH
Memphis Blues batting - Pitching for Wichita Wranglers : LHP Jesús Martínez
Batting: RHB Glenn Johnson 0-0: Ball
1-0: Called Strike
1-1: SINGLE (Flyball, 89S)
Batting: RHB Dale O'Feennaghty 0-0: Called Strike
0-1: Ball
1-1: Called Strike
1-2: SINGLE (Line Drive, 34D)
Glenn Johnson to second
Runner from 2nd tries for 3rd, SAFE, no throw or cutoff
Batting: RHB Jorge Fuentes 0-0: Ground out 6-3 (Groundball, 6MS)
Glenn Johnson scores
Dale O'Feennaghty to second
Batting: RHB Dave Wookey 0-0: Ball
1-0: Ball
2-0: Swinging Strike
2-1: Called Strike
2-2: Ball
3-2: Ground out U3 (Groundball, 3S)
Dale O'Feennaghty to third
Batting: RHB Michael Elliott 0-0: Ball
1-0: Called Strike
1-1: Called Strike
1-2: Ball
2-2: Strikes out swinging
Bottom of the 5th over - 1 run(s), 2 hit(s), 0 error(s), 1 left on base; Wichita 0 - Memphis 3
TOP OF THE 6TH
Wichita Wranglers batting - Pitching for Memphis Blues : RHP Luis Fernández
Batting: LHB Tom Robinson 0-0: Called Strike
0-1: Ball
1-1: SINGLE (Groundball, 15S) (infield hit)
Batting: RHB Bob Hall 0-0: Ball
1-0: Ball
2-0: Ball
3-0: Base on Balls
Tom Robinson to second
Batting: RHB George Clark 0-0: Ball
1-0: Grounds into double play, 5-4-3 (Groundball, 5)
Tom Robinson to third
Batting: RHB Luis Sánchez 0-0: Called Strike
0-1: Fly out, F7 (Flyball, 78XD)
Top of the 6th over - 0 run(s), 1 hit(s), 0 error(s), 1 left on base; Wichita 0 - Memphis 3
BOTTOM OF THE 6TH
Memphis Blues batting - Pitching for Wichita Wranglers : LHP Jesús Martínez
Batting: RHB Dave O'Neill 0-0: Called Strike
0-1: SINGLE (Groundball, 13) (infield hit)
Batting: RHB Sadao Kato 0-0: Ball
1-0: Foul Ball, location: 2F
1-1: Ball
2-1: Swinging Strike
2-2: Strikes out swinging
Batting: RHB Raúl Perales 0-0: Ball
1-0: Fly out, F2 (Popup, 23F)
Batting: RHB Chase Mueller 0-0: Ball
Dave O'Neill steals 2nd base
1-0: Ball
2-0: Swinging Strike
2-1: Ground out 4-3 (Groundball, 4)
Bottom of the 6th over - 0 run(s), 1 hit(s), 0 error(s), 1 left on base; Wichita 0 - Memphis 3
TOP OF THE 7TH
Wichita Wranglers batting - Pitching for Memphis Blues : RHP Luis Fernández
Batting: RHB Jesús Ibarra 0-0: Foul Ball, location: 2F
0-1: Foul Ball, location: 2F
0-2: Foul Ball, location: 2F
0-2: Ball
1-2: Ball
2-2: Strikes out swinging
Pitching: RHP Randolph Weathersby
Batting: LHB Mario Cornelo 0-0: Ball
1-0: Foul Ball, location: 2F
1-1: Ground out U3 (Groundball, 3L)
Batting: RHB Jim Beck 0-0: Called Strike
0-1: Swinging Strike
0-2: Strikes out looking
Top of the 7th over - 0 run(s), 0 hit(s), 0 error(s), 0 left on base; Wichita 0 - Memphis 3
BOTTOM OF THE 7TH
Memphis Blues batting - Pitching for Wichita Wranglers : LHP Jesús Martínez
Pitching: RHP Pat Ellis
Batting: RHB Glenn Johnson 0-0: Called Strike
0-1: Ball
1-1: Ball
2-1: SOLO HOME RUN (Flyball, 7D), Distance : 400 ft
Batting: RHB Dale O'Feennaghty 0-0: Ball
1-0: Foul Ball, location: 2F
1-1: Ball
2-1: Ball
3-1: Base on Balls
Batting: RHB Jorge Fuentes 0-0: Ball
1-0: Fly out, F8 (Flyball, 8RM)
Batting: RHB Dave Wookey 0-0: Called Strike
0-1: Ball
1-1: Ball
2-1: Fly out, F8 (Flyball, 8RM)
Batting: RHB Michael Elliott 0-0: Called Strike
0-1: Foul Ball, location: 2F
0-2: Ball
1-2: Fly out, F8 (Flyball, 8LM)
Bottom of the 7th over - 1 run(s), 1 hit(s), 0 error(s), 1 left on base; Wichita 0 - Memphis 4
TOP OF THE 8TH
Wichita Wranglers batting - Pitching for Memphis Blues : RHP Randolph Weathersby
Batting: RHB Cho-yun Qiao 0-0: Foul Ball, location: 2F
0-1: Ground out 6-3 (Groundball, 6)
Batting: LHB Jesús Tobías 0-0: Ball
1-0: Ball
2-0: Ball
3-0: Called Strike
3-1: SINGLE (Line Drive, 4D)
Batting: LHB Tom Robinson 0-0: SINGLE (Groundball, 4M)
Jesús Tobías to second
Pitching: LHP Robert Flannery
Batting: RHB Bob Hall 0-0: Fly out, F9 (Flyball, 9M)
Batting: RHB George Clark 0-0: Foul Ball, location: 2F
0-1: Ball
1-1: Ball
2-1: Foul Ball, location: 2F
2-2: Foul Ball, location: 2F
2-2: Ball
3-2: 3-RUN HOME RUN (Flyball, 7D), Distance : 392 ft
Batting: RHB Luis Sánchez 0-0: Fly out, F4 (Popup, 34D)
Top of the 8th over - 3 run(s), 3 hit(s), 0 error(s), 0 left on base; Wichita 3 - Memphis 4
BOTTOM OF THE 8TH
Memphis Blues batting - Pitching for Wichita Wranglers : RHP Pat Ellis
Batting: RHB Dave O'Neill 0-0: Foul Ball, location: 2F
0-1: Ball
1-1: Ball
2-1: Foul Ball, location: 2F
2-2: Strikes out swinging
Batting: RHB Sadao Kato 0-0: Ball
1-0: Ball
2-0: Swinging Strike
2-1: Foul Ball, location: 2F
2-2: Strikes out swinging
Batting: RHB Raúl Perales 0-0: Fly out, F6 (Line Drive, 6)
Bottom of the 8th over - 0 run(s), 0 hit(s), 0 error(s), 0 left on base; Wichita 3 - Memphis 4
TOP OF THE 9TH
Wichita Wranglers batting - Pitching for Memphis Blues : LHP Robert Flannery
Pitching: RHP Lorenzo Diéguez
Now at C: Elliott Rucker
Now at 3B: Iván García
Now at SS: Brent Crawford
Batting: RHB Jesús Ibarra 0-0: Ball
1-0: Ground out 3-1 (Groundball, 34)
Batting: LHB Mario Cornelo 0-0: Ball
1-0: Called Strike
1-1: Called Strike
1-2: Ball
2-2: Fly out, F7 (Flyball, 7M)
Batting: RHB Jim Beck 0-0: Ground out 5-3 (Groundball, 5)
Top of the 9th over - 0 run(s), 0 hit(s), 0 error(s), 0 left on base; Wichita 3 - Memphis 4
This league is powered by Out of the Park Baseball, the baseball management simulation game for PC, Mac and Linux
Wednesday, December 2nd, 2015 - OOTP Baseball 16.8 Build 38